[Event "January 2 Late 2024"]
[Site "https://www.chess.com"]
[Date "2024.01.02"]
[Round "7"]
[White "Dinu, Dumitru-Daniel"]
[Black "Fernandez Hernandez, Gerardo"]
[Result "1-0"]
[Board "115"]
[TimeControl "180+1"]
[WhiteFideId "1208403"]
[BlackFideId "2207400"]
[WhiteElo "2518"]
[BlackElo "2338"]
[WhiteTeam "ROU"]
[BlackTeam "ESP"]
[WhiteClock "0:00:44"]
[BlackClock "0:00:00"]

1. e4 e6 2. d4 d5 3. Nc3 Nc6 4. exd5 exd5 5. Nf3 Nf6 6. Bb5 Bd6 7. Qe2+ Be6 8. Ng5 Qe7 9. Nxe6 Qxe6 10. Be3 O-O 11. h3 Rfe8 12. O-O Ne4 13. Qf3 Nxc3 14. bxc3 Qe4 15. Qxe4 Rxe4 16. Be2 Ree8 17. Bf3 Ne7 18. Rab1 b6 19. Rfe1 c6 20. g4 Ng6 21. c4 Nf4 22. Bxf4 Bxf4 23. cxd5 cxd5 24. Bxd5 Rad8 25. Bc6 Rxe1+ 26. Rxe1 Kf8 27. Kg2 f6 28. d5 Be5 29. Re4 g5 30. h4 h6 31. hxg5 hxg5 32. Re1 Ke7 33. Rh1 Kd6 34. Rh7 a5 35. c4 Kc5 36. Bb5 Kb4 37. Rb7 Bd4 38. Kf3 Ka3 39. Ke4 Bxf2 40. Kf5 Bd4 41. Ke6 Kxa2 42. d6 Bc5 43. d7 Bd4 44. Ke7 1-0

[Event "January 2 Late 2024"]
[Site "https://www.chess.com"]
[Date "2024.01.02"]
[Round "7"]
[White "N_Mullodzhanov"]
[Black "Osmonbekov, Talaibek"]
[Result "1-0"]
[Board "116"]
[TimeControl "180+1"]
[BlackFideId "2017253"]
[WhiteElo "2514"]
[BlackElo "2316"]
[BlackTeam "USA"]
[WhiteClock "0:02:46"]
[BlackClock "0:02:18"]

1. e4 c5 2. c3 d5 3. exd5 Qxd5 4. d4 Nf6 5. Nf3 e6 6. Na3 Be7 7. Bc4 Qe4+ 8. Be3 cxd4 9. Nb5 dxe3 10. Nc7+ Kf8 11. Bd3 exf2+ 12. Kf1 Bc5 13. Bxe4 1-0

[Event "January 2 Late 2024"]
[Site "https://www.chess.com"]
[Date "2024.01.02"]
[Round "7"]
[White "Baches Garcia, Guillermo"]
[Black "Lopez Del Alamo, Antonio"]
[Result "1-0"]
[Board "117"]
[TimeControl "180+1"]
[WhiteFideId "2209764"]
[BlackFideId "2227339"]
[WhiteElo "2510"]
[BlackElo "2294"]
[WhiteTeam "ESP"]
[BlackTeam "ESP"]
[WhiteClock "0:00:26"]
[BlackClock "0:00:00"]

1. d4 Nf6 2. Nf3 g6 3. Bg5 Bg7 4. Nbd2 d5 5. e3 O-O 6. Be2 b6 7. O-O Bb7 8. c3 c5 9. b4 c4 10. a4 a5 11. b5 Nbd7 12. h3 Re8 13. Bf4 Nf8 14. Ne5 e6 15. Bh2 Rc8 16. f4 N6d7 17. Qc2 f5 18. g4 Nxe5 19. fxe5 Bh6 20. Rf3 Rc7 21. Kg2 Rg7 22. Raf1 Bg5 23. Bf4 Bxf4 24. exf4 Bc8 25. Rh1 Kf7 26. Kf2 Ke7 27. Nf1 Kd7 28. Ne3 Kc7 29. Qa2 Bb7 30. g5 Qe7 31. h4 h5 32. gxh6 Rh7 33. Rg3 Rxh6 34. Ng2 Nd7 35. Qd2 Reh8 36. Rg5 Nf8 37. h5 gxh5 38. Rhxh5 Rxh5 39. Rxh5 Rxh5 40. Bxh5 Qh4+ 41. Nxh4 1-0

[Event "January 2 Late 2024"]
[Site "https://www.chess.com"]
[Date "2024.01.02"]
[Round "7"]
[White "Horak, Martin"]
[Black "Slavin, Alexey"]
[Result "1-0"]
[Board "118"]
[TimeControl "180+1"]
[WhiteFideId "367095"]
[BlackFideId "24104388"]
[WhiteElo "2510"]
[BlackElo "2274"]
[WhiteTeam "CZE"]
[BlackTeam "RUS"]
[WhiteClock "0:00:21"]
[BlackClock "0:00:16"]

1. e4 Nc6 2. Nc3 d6 3. d4 Nf6 4. Nf3 Bg4 5. Bb5 a6 6. Bxc6+ bxc6 7. h3 Bc8 8. O-O e6 9. Re1 Be7 10. e5 Nd5 11. Ne4 h6 12. a3 a5 13. c4 Nb6 14. Qc2 O-O 15. c5 dxc5 16. dxc5 Nd5 17. Bd2 a4 18. Rad1 Ba6 19. Bc1 Bb5 20. Nd4 Qb8 21. Ng3 Qa7 22. Ne4 Rad8 23. Nxb5 cxb5 24. Rd3 b4 25. Rg3 bxa3 26. Bxh6 g6 27. bxa3 Rfe8 28. Nf6+ Bxf6 29. Rxg6+ fxg6 30. Qxg6+ Kh8 31. exf6 c6 32. f7 Rg8 33. Bg7+ Rxg7 34. Qh6+ Rh7 35. f8=Q+ Rxf8 36. Qxf8# 1-0

[Event "January 2 Late 2024"]
[Site "https://www.chess.com"]
[Date "2024.01.02"]
[Round "7"]
[White "Osmak, Yuliia"]
[Black "Tagliati, Eleonore"]
[Result "1-0"]
[Board "119"]
[TimeControl "180+1"]
[WhiteFideId "14101602"]
[BlackFideId "45172234"]
[WhiteElo "2510"]
[BlackElo "2219"]
[WhiteTeam "UKR"]
[BlackTeam "FRA"]
[WhiteClock "0:00:51"]
[BlackClock "0:00:08"]

1. Nf3 d5 2. g3 c6 3. Bg2 Bg4 4. O-O Nd7 5. h3 Bh5 6. c4 e6 7. d3 Bd6 8. b3 Ngf6 9. Bb2 O-O 10. Nbd2 Qe7 11. a3 Rad8 12. b4 e5 13. cxd5 cxd5 14. Qa4 Ra8 15. g4 Bg6 16. Rac1 e4 17. dxe4 dxe4 18. Nh4 e3 19. Nxg6 hxg6 20. Nc4 exf2+ 21. Rxf2 Nb6 22. Nxb6 axb6 23. Qb3 Ne4 24. Bxe4 Qxe4 25. Qf3 Rae8 26. Qxe4 Rxe4 27. Kg2 Rfe8 28. Rc2 f6 29. Rd2 Bf4 30. Rd7 Rxe2 31. Rxb7 Rxf2+ 32. Kxf2 Re6 33. Bd4 Bc1 34. a4 Re4 35. Bxb6 Rxb4 36. a5 Ra4 37. Rc7 Bb2 38. Ke2 Bd4 39. Bxd4 Rxd4 40. a6 Ra4 41. a7 Kh7 42. Kd3 Kh6 43. Kc3 Ra1 44. Kb4 f5 45. gxf5 gxf5 46. Kb5 g6 47. Kb6 f4 48. Rf7 Kg5 49. Rf8 Rb1+ 50. Kc5 Rc1+ 51. Kd4 Ra1 52. a8=Q Rxa8 53. Rxa8 Kh4 54. Ke4 g5 55. Kf3 Kxh3 56. Rh8# 1-0

[Event "January 2 Late 2024"]
[Site "https://www.chess.com"]
[Date "2024.01.02"]
[Round "7"]
[White "Gardezi, Arsal"]
[Black "Stojanovski, Sandi"]
[Result "1-0"]
[Board "120"]
[TimeControl "180+1"]
[WhiteFideId "30949521"]
[BlackFideId "1403249"]
[WhiteElo "2147"]
[BlackElo "2506"]
[WhiteTeam "USA"]
[BlackTeam "DEN"]
[WhiteClock "0:00:52"]
[BlackClock "0:00:00"]

1. c4 e6 2. Nc3 d5 3. cxd5 exd5 4. d4 c6 5. Bf4 Bd6 6. Bg3 Nf6 7. e3 O-O 8. Bd3 Re8 9. Nge2 Ne4 10. Nxe4 dxe4 11. Bc4 Be6 12. Bxe6 Rxe6 13. Bxd6 Qxd6 14. Nf4 Re7 15. Qb3 a5 16. O-O Qb4 17. Qc2 Nd7 18. Rac1 Nf6 19. d5 Nxd5 20. Nxd5 cxd5 21. Rfd1 Rd7 22. a3 Qe7 23. Rd4 h6 24. Rcd1 Rad8 25. Qa4 Qc5 26. h3 Rd6 27. b4 axb4 28. axb4 Qc6 29. Qa5 b6 30. Qa3 Qb5 31. Qb3 g6 32. Qc3 Kh7 33. R4d2 Rc6 34. Qb3 Rc4 35. Qb2 Qxb4 36. Qf6 Qf8 37. Rxd5 Rxd5 38. Rxd5 Qg7 39. Qf4 Rc1+ 40. Kh2 Rc4 41. Rd7 Kg8 42. Rd8+ Kh7 43. Rd7 Kg8 44. Qb8+ Kh7 45. Qe8 1-0

[Event "January 2 Late 2024"]
[Site "https://www.chess.com"]
[Date "2024.01.02"]
[Round "7"]
[White "Hamidi, Amir Mohammad"]
[Black "Alvarado, Carlos"]
[Result "1-0"]
[Board "121"]
[TimeControl "180+1"]
[WhiteFideId "12563285"]
[BlackFideId "3800555"]
[WhiteElo "2679"]
[BlackElo "2423"]
[WhiteTeam "IRI"]
[BlackTeam "PER"]
[WhiteClock "0:00:04"]
[BlackClock "0:00:04"]

1. Nf3 d5 2. c4 e6 3. g3 Nf6 4. Bg2 Be7 5. b3 O-O 6. Bb2 b6 7. O-O Bb7 8. d4 Nbd7 9. Nc3 dxc4 10. bxc4 c5 11. d5 exd5 12. Ne1 Re8 13. cxd5 Bf8 14. e4 a6 15. a4 c4 16. f4 Nc5 17. e5 Nfd7 18. d6 Bxg2 19. Kxg2 Rb8 20. Nd5 b5 21. Nc7 Nxa4 22. Bd4 Ndc5 23. Nxe8 Qxe8 24. Qf3 Nb3 25. Rd1 Nxd4 26. Rxd4 Qd7 27. f5 c3 28. e6 fxe6 29. fxe6 Qxe6 30. d7 Bd6 31. Rxd6 Qxd6 32. Qf7+ Kh8 33. Qe8+ Qf8 34. Rxf8# 1-0

[Event "January 2 Late 2024"]
[Site "https://www.chess.com"]
[Date "2024.01.02"]
[Round "7"]
[White "Goryachkina, Aleksandra"]
[Black "Rees, Ioan"]
[Result "1/2-1/2"]
[Board "122"]
[TimeControl "180+1"]
[WhiteFideId "4147103"]
[BlackFideId "1801236"]
[WhiteElo "2633"]
[BlackElo "2420"]
[WhiteTeam "FID"]
[BlackTeam "WLS"]
[WhiteClock "0:01:14"]
[BlackClock "0:01:01"]

1. e4 e5 2. Nf3 Nc6 3. Bc4 Bc5 4. d3 a6 5. c3 d6 6. Nbd2 h6 7. h3 Qf6 8. Nf1 Nge7 9. Be3 Be6 10. Bb3 O-O-O 11. Bc2 g5 12. b4 Bxe3 13. Nxe3 d5 14. Qe2 d4 15. cxd4 exd4 16. Ng4 Bxg4 17. hxg4 Ng6 18. Qd2 Nf4 19. g3 Nxd3+ 20. Bxd3 Qxf3 21. O-O Qxg4 22. b5 axb5 23. Bxb5 Ne5 24. Qa5 Nf3+ 25. Kg2 Nh4+ 26. Kh2 Nf3+ 27. Kg2 Nh4+ 28. Kh2 Nf3+ 29. Kg2 1/2-1/2

[Event "January 2 Late 2024"]
[Site "https://www.chess.com"]
[Date "2024.01.02"]
[Round "7"]
[White "Vlassov, Nikolai"]
[Black "Senft, Sean"]
[Result "1/2-1/2"]
[Board "123"]
[TimeControl "180+1"]
[WhiteFideId "4103360"]
[BlackFideId "2044960"]
[WhiteElo "2630"]
[BlackElo "2416"]
[WhiteTeam "FID"]
[BlackTeam "USA"]
[WhiteClock "0:01:37"]
[BlackClock "0:02:01"]

1. e4 c5 2. c3 d5 3. exd5 Qxd5 4. d4 Nf6 5. Nf3 Bg4 6. dxc5 Qxd1+ 7. Kxd1 Nc6 8. b4 a5 9. Bb5 axb4 10. Bxc6+ bxc6 11. cxb4 O-O-O+ 12. Kc2 Nd5 13. a3 Bf5+ 14. Kb3 g6 15. Bb2 Rg8 16. Nc3 Be6 17. Nxd5 Bxd5+ 18. Kc2 Bh6 19. Rad1 f6 20. Rhg1 Rd7 21. Nd4 e5 22. Ne2 Rgd8 23. Nc3 Be6 24. Rxd7 Rxd7 25. Rd1 Bf5+ 26. Kb3 Be6+ 27. Kc2 Bf5+ 28. Kb3 Be6+ 29. Kc2 1/2-1/2

[Event "January 2 Late 2024"]
[Site "https://www.chess.com"]
[Date "2024.01.02"]
[Round "7"]
[White "Gallegos Diaz, Carlos Alberto"]
[Black "Caspi, Israel"]
[Result "0-1"]
[Board "124"]
[TimeControl "180+1"]
[WhiteFideId "3900886"]
[BlackFideId "2807394"]
[WhiteElo "2408"]
[BlackElo "2609"]
[WhiteTeam "VEN"]
[BlackTeam "ISR"]
[WhiteClock "0:00:07"]
[BlackClock "0:00:11"]

1. e4 d5 2. d3 e5 3. Nf3 Nc6 4. Be2 Nf6 5. Nbd2 Bc5 6. O-O a5 7. c3 O-O 8. h3 Re8 9. Qc2 h6 10. Re1 Be6 11. Bf1 Ba7 12. exd5 Bxd5 13. Ne4 Nd7 14. Be3 Bxe3 15. Rxe3 f5 16. Ned2 Qf6 17. Rae1 Re7 18. d4 e4 19. Nh2 Rae8 20. Bc4 Nb6 21. Qb3 Qe6 22. Bxd5 Qxd5 23. f3 a4 24. Qa3 Re6 25. fxe4 fxe4 26. Nhf1 Qb5 27. b3 axb3 28. axb3 Qa5 29. Qxa5 Nxa5 30. Rxe4 Rxe4 31. Rxe4 Rxe4 32. Nxe4 Nxb3 33. Ne3 Kf7 34. Kf2 Ke6 35. Ke2 Nd5 36. Nc4 b6 37. Kd3 Nf4+ 38. Kc2 Kd5 39. Ned2 Nxd2 40. Nxd2 Nxg2 41. Kd3 Nf4+ 42. Ke3 Nxh3 43. c4+ Kd6 44. Ke4 Ng5+ 45. Kf5 Ne6 46. d5 Nf8 47. Ne4+ Ke7 48. Ke5 g5 49. Kf5 Nd7 50. Kg6 g4 51. Kxh6 Nf6 52. Ng3 Kd6 53. Kg5 Ke5 54. Kg6 Ne4 55. Nf1 g3 56. Ne3 Kd4 57. Ng2 Kxc4 58. Kf5 Kxd5 59. Nf4+ Kd4 60. Ne2+ Ke3 61. Nxg3 Nxg3+ 62. Ke6 c5 0-1

[Event "January 2 Late 2024"]
[Site "https://www.chess.com"]
[Date "2024.01.02"]
[Round "7"]
[White "Teimouri Yadkuri, Shahdad"]
[Black "Hajiyev, Kanan"]
[Result "1-0"]
[Board "125"]
[TimeControl "180+1"]
[WhiteFideId "42515467"]
[BlackFideId "13404148"]
[WhiteElo "2399"]
[BlackElo "2609"]
[WhiteTeam "IRI"]
[BlackTeam "AZE"]
[WhiteClock "0:01:29"]
[BlackClock "0:00:12"]

1. e4 c5 2. Nf3 d6 3. d4 cxd4 4. Nxd4 Nf6 5. Nc3 a6 6. Be3 e5 7. Nb3 Be6 8. f3 Nc6 9. Qd2 Be7 10. O-O-O O-O 11. g4 Rc8 12. h4 Na5 13. h5 Nxb3+ 14. cxb3 b5 15. Kb1 b4 16. Nd5 Bxd5 17. exd5 Nd7 18. g5 a5 19. g6 f5 20. h6 hxg6 21. hxg7 Re8 22. Bb5 Kf7 23. Rdg1 Rg8 24. Bh6 Nf6 25. Qg2 Ng4 26. fxg4 f4 27. g5 Qb6 28. Bd7 1-0

[Event "January 2 Late 2024"]
[Site "https://www.chess.com"]
[Date "2024.01.02"]
[Round "7"]
[White "Esmeraldas Huachi, Anderson"]
[Black "Zavgorodniy, Sergiy"]
[Result "0-1"]
[Board "126"]
[TimeControl "180+1"]
[WhiteFideId "3616363"]
[BlackFideId "14110148"]
[WhiteElo "2398"]
[BlackElo "2592"]
[WhiteTeam "ECU"]
[BlackTeam "UKR"]
[WhiteClock "0:00:06"]
[BlackClock "0:00:32"]

1. d4 d5 2. c4 dxc4 3. e4 Nf6 4. e5 Nd5 5. Bxc4 Nb6 6. Bb3 Nc6 7. Nf3 Bf5 8. O-O e6 9. Nc3 Nb4 10. Bg5 Qd7 11. a3 N4d5 12. a4 a5 13. Nb5 h6 14. Bh4 c6 15. Nc3 g5 16. Bg3 Be7 17. Rc1 h5 18. h4 g4 19. Nd2 Rd8 20. Nce4 Kf8 21. Qe2 Kg7 22. Rfd1 Qc7 23. Nd6 Bg6 24. N2e4 Nc8 25. Bxd5 exd5 26. Nxc8 Qxc8 27. Nc5 Bxc5 28. Rxc5 b6 29. Rc3 Qe6 30. Rdc1 Rc8 31. Rb3 Rb8 32. Qa6 Ra8 33. Qxb6 Rhb8 34. Qxb8 Rxb8 35. Rxb8 Qf5 36. b4 axb4 37. Rxb4 Qd3 38. Ra1 Be4 39. a5 Qa6 40. Rb6 Qc4 41. Rb2 Qxd4 42. Rba2 Qa7 43. a6 c5 44. Rb2 d4 45. Re2 Bd3 46. Ree1 c4 47. e6 fxe6 48. Be5+ Kg6 49. Bxd4 Qxd4 50. a7 g3 51. a8=Q gxf2+ 52. Kh1 Qxh4# 0-1

[Event "January 2 Late 2024"]
[Site "https://www.chess.com"]
[Date "2024.01.02"]
[Round "7"]
[White "Aggelis, Nikolaos"]
[Black "Sokolov, Andrei"]
[Result "1-0"]
[Board "127"]
[TimeControl "180+1"]
[WhiteFideId "4213220"]
[BlackFideId "11600306"]
[WhiteElo "2566"]
[BlackElo "2360"]
[WhiteTeam "GRE"]
[BlackTeam "LAT"]
[WhiteClock "0:00:58"]
[BlackClock "0:00:00"]

1. c4 c6 2. Nc3 d5 3. cxd5 cxd5 4. d4 Nc6 5. Nf3 Nf6 6. Bf4 Bf5 7. e3 e6 8. Bb5 Bb4 9. Qa4 Bxc3+ 10. bxc3 Rc8 11. Ne5 Qb6 12. c4 O-O 13. c5 Qa5+ 14. Qxa5 Nxa5 15. Nd7 Nxd7 16. Bxd7 Rcd8 17. Bb5 Rc8 18. Bd6 Rfd8 19. Be7 a6 20. Bxd8 Rxd8 21. Be2 Nc4 22. Rc1 Nb2 23. Kd2 e5 24. Kc3 Nc4 25. Bxc4 dxc4 26. Kxc4 exd4 27. exd4 Be6+ 28. Kc3 Bxa2 29. Ra1 Bd5 30. f3 Bc6 31. Rhe1 g6 32. Re5 Kg7 33. Rd1 Bd5 34. Re7 Rc8 35. Rb1 Kf6 36. Rbxb7 Bxb7 37. Rxb7 Kf5 38. Ra7 Kf4 39. Rxa6 Ke3 40. Kc4 Rd8 41. d5 Rb8 42. d6 Rb1 43. d7 Rc1+ 44. Kd5 Rd1+ 45. Kc6 Kf4 46. Kc7 Ke5 47. Rd6 Rxd6 48. cxd6 Kd5 49. d8=Q 1-0

[Event "January 2 Late 2024"]
[Site "https://www.chess.com"]
[Date "2024.01.02"]
[Round "7"]
[White "Bold, Andre"]
[Black "Gerbelli Neto, Eduardo"]
[Result "0-1"]
[Board "128"]
[TimeControl "180+1"]
[WhiteFideId "16208471"]
[BlackFideId "2103281"]
[WhiteElo "2505"]
[BlackElo "2358"]
[WhiteTeam "GER"]
[BlackTeam "BRA"]
[WhiteClock "0:00:09"]
[BlackClock "0:00:23"]

1. d4 d5 2. Nf3 Nf6 3. c3 Bf5 4. Qb3 Qc8 5. Bf4 e6 6. e3 Bd6 7. Nbd2 O-O 8. Be2 Bxf4 9. exf4 Nbd7 10. Ne5 h6 11. g4 Be4 12. f3 Bh7 13. h4 Nxe5 14. fxe5 Nd7 15. f4 f6 16. f5 exf5 17. Qxd5+ Kh8 18. gxf5 fxe5 19. dxe5 Rxf5 20. O-O-O Rxe5 21. Qf3 Nf6 22. Bd3 c6 23. Bxh7 Kxh7 24. Rhf1 Qe6 25. Qd3+ Kh8 26. Nf3 Re2 27. Nd4 Qe3+ 28. Qxe3 Rxe3 29. Nf5 Re5 30. Rd6 Rf8 31. Nxh6 gxh6 32. Rfxf6 Rxf6 33. Rxf6 Kg7 34. Rd6 Re7 35. Kd2 Rf7 36. Ke3 Rf6 37. Rd7+ Rf7 38. Rd8 Kg6 39. Rd4 Kh5 40. a4 b6 41. a5 Rf6 42. axb6 axb6 43. Ke4 Kxh4 44. Ke5+ Kg5 45. Rd1 Rf5+ 46. Kd6 Rd5+ 47. Rxd5+ cxd5 48. Kxd5 Kf4 49. c4 h5 50. b4 h4 51. c5 bxc5 52. bxc5 h3 53. c6 h2 54. Kd6 h1=Q 55. Kd7 Qh3+ 56. Kd8 Qd3+ 57. Kc8 Ke5 58. c7 Kd6 59. Kb8 Qb3+ 60. Kc8 Qc4 61. Kb8 Qxc7+ 62. Ka8 Qd7 63. Kb8 Kc6 64. Ka8 Qb7# 0-1

[Event "January 2 Late 2024"]
[Site "https://www.chess.com"]
[Date "2024.01.02"]
[Round "7"]
[White "Korol, Dimitry"]
[Black "Tifferet, Shakked"]
[Result "0-1"]
[Board "129"]
[TimeControl "180+1"]
[WhiteFideId "14108003"]
[BlackFideId "2811529"]
[WhiteElo "2342"]
[BlackElo "2500"]
[WhiteTeam "UKR"]
[BlackTeam "ISR"]
[WhiteClock "0:00:00"]
[BlackClock "0:01:01"]

1. d4 f5 2. Nf3 Nf6 3. g3 b6 4. Bg2 Bb7 5. O-O e6 6. c4 Be7 7. b3 O-O 8. Bb2 Ne4 9. Nbd2 Nxd2 10. Qxd2 Be4 11. Rac1 d6 12. Rfd1 Nd7 13. Qc3 Bf6 14. Nd2 Bxg2 15. Kxg2 Qe8 16. e4 c5 17. Qe3 f4 18. gxf4 cxd4 19. Bxd4 e5 20. fxe5 dxe5 21. Bc3 Qh5 22. Qh3 Qg6+ 23. Kh1 Nc5 24. Rg1 Qf7 25. f3 h6 26. Rcd1 Nd3 27. Kg2 Nf4+ 0-1

[Event "January 2 Late 2024"]
[Site "https://www.chess.com"]
[Date "2024.01.02"]
[Round "7"]
[White "Jaiveer Mahendru"]
[Black "Mazzilli, Piero"]
[Result "1-0"]
[Board "130"]
[TimeControl "180+1"]
[WhiteFideId "25611151"]
[BlackFideId "807087"]
[WhiteElo "2498"]
[BlackElo "2341"]
[WhiteTeam "IND"]
[BlackTeam "ITA"]
[WhiteClock "0:00:13"]
[BlackClock "0:00:02"]

1. f4 d5 2. Nf3 g6 3. g3 Bg7 4. Bg2 Nh6 5. O-O O-O 6. d3 Nc6 7. e4 dxe4 8. dxe4 e5 9. Qxd8 Rxd8 10. Nxe5 Nxe5 11. fxe5 Ng4 12. h3 Nxe5 13. Nc3 c6 14. Bg5 Re8 15. Rad1 Nc4 16. Bc1 Be6 17. Kh2 Be5 18. Rf3 h5 19. Kg1 b5 20. b3 Nd6 21. Bf4 Bxf4 22. gxf4 Rad8 23. Rfd3 Nb7 24. e5 Rc8 25. Ne4 Kg7 26. Nf6 Rf8 27. Kf2 Nc5 28. Rc3 Na6 29. Rd6 Nb4 30. a3 Nd5 31. Bxd5 Bxd5 32. h4 Rfd8 33. Rxd8 Rxd8 34. Rd3 Kf8 35. c4 bxc4 36. bxc4 Rb8 37. cxd5 Rb2+ 38. Kf3 cxd5 39. Rxd5 Rh2 40. Rd8+ Ke7 41. Ra8 Rxh4 42. Rxa7+ Ke6 43. Ra8 Rh2 44. Ne4 h4 45. Ra6+ Kf5 46. Nf2 h3 47. Nh1 g5 48. Ng3# 1-0

[Event "January 2 Late 2024"]
[Site "https://www.chess.com"]
[Date "2024.01.02"]
[Round "7"]
[White "Gavrilov, Maxim"]
[Black "Van der Werf, Mark"]
[Result "0-1"]
[Board "131"]
[TimeControl "180+1"]
[WhiteFideId "24271454"]
[BlackFideId "1000470"]
[WhiteElo "2489"]
[BlackElo "2339"]
[WhiteTeam "RUS"]
[BlackTeam "NED"]
[WhiteClock "0:00:00"]
[BlackClock "0:00:53"]

1. d4 g6 2. c4 Bg7 3. Nc3 c5 4. d5 d6 5. Nf3 Nf6 6. g3 O-O 7. Bg2 Na6 8. O-O Nc7 9. e4 Bg4 10. Qc2 Bxf3 11. Bxf3 Nd7 12. Bg2 a6 13. a4 Rb8 14. a5 b5 15. axb6 Rxb6 16. Bd2 Qb8 17. Rfb1 Rb3 18. Ra3 Rb4 19. b3 Ne5 20. Raa1 Rb7 21. h3 e6 22. f4 Nd7 23. Ra2 exd5 24. cxd5 Re8 25. Ne2 Nxd5 26. Rxa6 Nb4 27. Bxb4 Rxb4 28. Qd3 c4 29. Qxd6 Nf8 30. Qxb8 Rexb8 31. e5 cxb3 32. Bd5 b2 33. Ra7 Ne6 34. Nc3 Bf8 35. Ne4 Rxe4 36. Bxe4 Bc5+ 37. Kg2 Bxa7 38. f5 gxf5 39. Bxf5 Nd4 40. Be4 Ne2 41. Bd5 Nc3 42. Bxf7+ Kxf7 43. Rf1+ Kg7 44. g4 b1=Q 45. Rf2 Qe4+ 46. Rf3 Rf8 0-1

[Event "January 2 Late 2024"]
[Site "https://www.chess.com"]
[Date "2024.01.02"]
[Round "7"]
[White "Kornyukov, Alexey"]
[Black "Tikhonov, Viacheslav"]
[Result "0-1"]
[Board "132"]
[TimeControl "180+1"]
[WhiteFideId "4150457"]
[BlackFideId "44196407"]
[WhiteElo "2316"]
[BlackElo "2475"]
[WhiteTeam "RUS"]
[BlackTeam "RUS"]
[WhiteClock "0:00:00"]
[BlackClock "0:01:08"]

1. d4 Nf6 2. c4 e6 3. Nc3 d5 4. cxd5 exd5 5. Bg5 c6 6. e3 h6 7. Bh4 Be7 8. Bd3 O-O 9. Qc2 Re8 10. Nge2 Nbd7 11. O-O Nh5 12. Bxe7 Qxe7 13. Rfe1 Nf8 14. Rad1 Bg4 15. a3 Ne6 16. h3 Bxe2 17. Bxe2 Nf6 18. b4 a5 19. Rb1 axb4 20. axb4 b5 21. Rec1 Ra6 22. Bd3 Nd7 23. g3 Nb6 24. Kg2 Rea8 25. h4 Ra3 26. Ne2 Nc4 27. Bxc4 dxc4 28. Nc3 Nc7 29. e4 Na6 30. Qd2 Nxb4 31. Nxb5 Qxe4+ 32. f3 Qxf3+ 33. Kg1 Qxg3+ 34. Qg2 Qe3+ 35. Kh1 cxb5 36. Re1 Qh3+ 37. Qxh3 Rxh3+ 38. Kg2 Rb3 39. Rxb3 cxb3 40. Rb1 Ra3 41. Kf3 Nd5 42. Ke4 Nc3+ 0-1

[Event "January 2 Late 2024"]
[Site "https://www.chess.com"]
[Date "2024.01.02"]
[Round "7"]
[White "Biernacki, Mark"]
[Black "Chocenka, Dmitrijus"]
[Result "1-0"]
[Board "133"]
[TimeControl "180+1"]
[WhiteFideId "2082322"]
[BlackFideId "12802336"]
[WhiteElo "2321"]
[BlackElo "2464"]
[WhiteTeam "USA"]
[BlackTeam "LTU"]
[WhiteClock "0:00:26"]
[BlackClock "0:00:49"]

1. e4 c5 2. Nc3 Nc6 3. Bb5 Nd4 4. Nf3 e6 5. O-O Qc7 6. Nxd4 cxd4 7. Ne2 a6 8. Bd3 e5 9. c3 Bc5 10. cxd4 exd4 11. a3 Ne7 12. b4 Ba7 13. Bb2 Nc6 14. Rc1 Qd6 15. Qb3 O-O 16. f4 b5 17. e5 Qe7 18. Ng3 Bb7 19. Nf5 Qe6 20. Qxe6 fxe6 21. Nd6 Rab8 22. Be4 Ba8 23. d3 Bb6 24. g3 Ne7 25. Bxa8 Rxa8 26. Ne4 Nd5 27. Nc5 Bxc5 28. Rxc5 Ne3 29. Rfc1 Nf5 30. Rc7 Rfd8 31. Kf2 h5 32. Kf3 Kf7 33. Ke4 g5 34. Bxd4 gxf4 35. gxf4 a5 36. Rb7 axb4 37. axb4 Ra2 38. Bb6 Rda8 39. Rxd7+ Ke8 40. Rh7 Re2+ 41. Kf3 Raa2 42. Rc8# 1-0

[Event "January 2 Late 2024"]
[Site "https://www.chess.com"]
[Date "2024.01.02"]
[Round "7"]
[White "chucksterf10"]
[Black "Rodriguez Avila, Alvaro"]
[Result "0-1"]
[Board "134"]
[TimeControl "180+1"]
[BlackFideId "24570249"]
[WhiteElo "2438"]
[BlackElo "2307"]
[BlackTeam "ESP"]
[WhiteClock "0:01:09"]
[BlackClock "0:02:24"]

1. a3 e5 2. Nc3 Nc6 3. e4 Bc5 4. Nf3 Nf6 5. b4 Bb6 6. b5 Nd4 7. Nxe5 O-O 8. Nc4 Re8 9. d3 d5 10. Nxb6 axb6 11. Bg5 dxe4 12. Be2 exd3 13. Qxd3 Bf5 0-1

[Event "January 2 Late 2024"]
[Site "https://www.chess.com"]
[Date "2024.01.02"]
[Round "7"]
[White "Bryant, Todd"]
[Black "Dobrijevic, Milan"]
[Result "0-1"]
[Board "135"]
[TimeControl "180+1"]
[WhiteFideId "2031299"]
[BlackFideId "931632"]
[WhiteElo "2282"]
[BlackElo "2435"]
[WhiteTeam "USA"]
[BlackTeam "SRB"]
[WhiteClock "0:00:22"]
[BlackClock "0:00:38"]

1. e4 c5 2. Nf3 g6 3. d4 cxd4 4. Nxd4 Bg7 5. Nc3 Nc6 6. Be3 Nf6 7. Bc4 O-O 8. Bb3 Re8 9. h4 e6 10. Qd2 Ng4 11. Nxc6 bxc6 12. Bc5 d5 13. O-O-O h5 14. Kb1 Qa5 15. f3 Ne5 16. Bd4 Ba6 17. f4 Nc4 18. Bxc4 Bxc4 19. Bxg7 Kxg7 20. Qd4+ e5 21. fxe5 c5 22. Qf2 d4 23. Qf6+ Kg8 24. Nd5 Qxa2+ 25. Kc1 Bxd5 26. exd5 Qxd5 27. Rhe1 Re6 28. Qg5 Qa2 29. g4 Qa1+ 30. Kd2 Qxb2 31. gxh5 Qc3+ 32. Kc1 Ra6 0-1

[Event "January 2 Late 2024"]
[Site "https://www.chess.com"]
[Date "2024.01.02"]
[Round "7"]
[White "Vifleemskaia, Svetlana"]
[Black "Morales Garcia, Sergio Joshafatt"]
[Result "0-1"]
[Board "136"]
[TimeControl "180+1"]
[WhiteFideId "4129490"]
[BlackFideId "5106249"]
[WhiteElo "2245"]
[BlackElo "2435"]
[WhiteTeam "RUS"]
[BlackTeam "MEX"]
[WhiteClock "0:00:02"]
[BlackClock "0:00:13"]

1. d4 d5 2. c4 c6 3. cxd5 cxd5 4. Bf4 Nc6 5. e3 Nf6 6. Nc3 Bf5 7. Qb3 Na5 8. Qa4+ Bd7 9. Qc2 e6 10. Bd3 Rc8 11. Nf3 Bb4 12. O-O O-O 13. Rac1 Bxc3 14. bxc3 Nc4 15. Ne5 Bb5 16. a4 Ba6 17. Bg5 h6 18. Bxf6 gxf6 19. Ng4 f5 20. Ne5 Nxe5 21. Bxa6 bxa6 22. dxe5 Rc4 23. f4 Qa5 24. Rf3 Rfc8 25. Qf2 Rxc3 26. Rf1 Rc1 27. Qh4 Rxf1+ 28. Rxf1 Qd2 29. Qxh6 Qxe3+ 30. Kh1 d4 31. Qg5+ Kf8 32. Qh6+ Ke8 33. h3 d3 34. Qh8+ Kd7 35. Qf6 Re8 36. Rb1 d2 37. Qxf7+ Re7 38. Rb7+ Kc6 39. Qxe7 d1=Q+ 40. Kh2 Qdg1# 0-1

[Event "January 2 Late 2024"]
[Site "https://www.chess.com"]
[Date "2024.01.02"]
[Round "7"]
[White "Arlo2024"]
[Black "Hoeffer, David"]
[Result "1-0"]
[Board "137"]
[TimeControl "180+1"]
[BlackFideId "24606766"]
[WhiteElo "2243"]
[BlackElo "2432"]
[BlackTeam "GER"]
[WhiteClock "0:01:23"]
[BlackClock "0:01:31"]

1. e4 e5 2. Nf3 Nc6 3. Bc4 Nf6 4. d4 exd4 5. O-O Bc5 6. e5 d5 7. exf6 dxc4 8. fxg7 Rg8 9. Bg5 Qd5 10. Nc3 Qf5 11. Re1+ Be6 12. Ne4 Be7 13. Bxe7 Kxe7 14. Nxd4 Nxd4 15. Qxd4 Rad8 16. Ng3 Qg5 17. Qxc4 Rxg7 18. Qxc7+ Rd7 19. Qc3 Rg6 20. Re5 Qg4 21. Qc5+ Kf6 22. Nh5+ Qxh5 23. Rxh5 1-0